Sharks vs Islanders

Created - 11 décembre 2023 at 17:13

Goals
1 2 3 T
Sharks 0 1 0 1
Islanders 0 2 2 4
Shots
1 2 3 T
Sharks 12 14 11 37
Islanders 9 11 11 31

GoalsPenalties
1st period
No Goal
Kevin Shattenkirk (NYI) for Tripping (Minor) at 12:04
2nd period
1. Islanders , Brock Nelson 3 (Brent Burns 8, Brady Skjei 10) at 7:04 (PP)
2. Sharks , Jonathan Huberdeau 7 (Sidney Crosby 9, Robert Thomas 7) at 14:07
3. Islanders , Brock Nelson 4 (Johnny Gaudreau 10, Kevin Shattenkirk 7) at 18:01
K'Andre Miller (SJS) for Slashing (Minor) at 6:49
Mason McTavish (SJS) for Cross-checking (Minor) at 8:47
3rd period
4. Islanders , Rickard Rakell 12 (Joe Pavelski 14) at 4:20 (PP)
5. Islanders , Jordan Staal 5 (Rickard Rakell 12, Frank Vatrano 10) at 18:25
Boone Jenner (SJS) for Kneeing (Minor) at 4:18
Kevin Shattenkirk (NYI) for Tripping (Minor) at 8:07
Goalie Stats
Darcy Kuemper (SJS), 27 saves from 31 shots - (0,871), L, 9-8-1, 60:00 minutes
Linus Ullmark (NYI), 36 saves from 37 shots - (0,973), W, 15-4-1, 60:00 minutes
3 StarsOfficial
1 - Linus Ullmark (NYI)
2 - Brock Nelson (NYI)
3 - Rickard Rakell (NYI)
Referees : Pierre Lambert and Eric Furlatt
Linesman : Travis Gawryletz and Ryan Galloway
Game Note
No Game Note
Finance
Level 1 -- Attendance: 5917 (98,62%) -- Ticket Income $591,700
Level 2 -- Attendance: 4637 (92,74%) -- Ticket Income $278,220
Level 3 -- Attendance: 1793 (89,65%) -- Ticket Income $62,755
Level 4 -- Attendance: 4000 (100,00%) -- Ticket Income $80,000
Luxury Box -- Attendance: 874 (87,40%) -- Ticket Income $174,800
Game was played at the Long Island Arena.
Total Attendance: 17221 (95,67%)
Total Ticket Income: $1,187,475
Other Income: $581,863
Total Income: $1,769,338



Team Name Goals Shots Shots Attemp Shots Blocked PIM HIT PP PK FO%
Sharks 1376866230 / 2 (0%)254%
Islanders 43155114202 / 3 (67%)046%

Sharks
Player Name POS G A P +/- PIM HIT SHT SB MP PP MP PP SHT PK MP PK SHT FO% FOT GA TA
Alex PietrangeloD0000010123:012:1901:1900% 001
Boone JennerC/LW/RW0000233018:051:5101:18050% 200
Brandon TanevLW/RW000000208:550:0001:160100% 100
Brett KulakD0000011014:390:0001:1900% 000
Calvin De HaanD0000020213:490:0000:3600% 000
Dylan LarkinC/LW/RW0000012017:401:5100:45043% 701
Jonathan HuberdeauC/LW/RW1011004018:002:0700:3700% 210
Joseph VelenoC000002007:390:0000:00050% 400
Justin BraunD0000012123:292:1900:2100% 000
K'Andre MillerD000-1210122:121:3900:5700% 001
Kasperi KapanenLW/RW000-2053015:470:0000:00050% 200
Lukas ReichelLW/RW000-2003015:470:0000:0000% 201
Mason McTavishC/LW000-2223015:530:0000:00052% 2102
Mats ZuccarelloLW/RW0000001016:481:5100:0000% 000
Robert ThomasC/RW0111024118:062:0720:3600% 000
Shea TheodoreD000-1003022:491:3900:0000% 001
Sidney CrosbyC0111016017:232:0700:00065% 2601
Travis BoydC/RW000001007:390:0000:0000% 021
Islanders
Player Name POS G A P +/- PIM HIT SHT SB MP PP MP PP SHT PK MP PK SHT FO% FOT GA TA
Brady SkjeiD0110001021:211:2301:4200% 000
Brent BurnsRW/D0110001320:111:2300:4000% 000
Brock NelsonC/LW2020032017:181:1010:00040% 2010
Frank VatranoC/LW/RW0111010115:511:0600:0000% 000
Ian ColeD0000011020:070:0001:3600% 001
Jason DickinsonC/LW000002208:460:0001:5200% 000
Jason ZuckerLW/RW0000022014:570:0000:00050% 200
Jean-Gabriel PageauC/LW/RW0000003117:220:0002:05047% 1920
Jesper FastLW/RW000001007:380:0000:0700% 000
Joe PavelskiC/LW/RW0110018016:181:0600:00075% 420
Johnny GaudreauLW0110002117:091:1010:0000% 011
Jordan StaalC/LW1011021117:120:0002:05053% 1700
Kevin ShattenkirkD0111410118:550:5300:0000% 020
Mark GiordanoD0001021320:150:5302:2200% 000
Nick SchmaltzC/LW/RW0000002017:551:1010:0100% 010
Rickard RakellLW/RW1121025016:031:0610:00050% 200
Tomas NosekC/LW/RW000000008:400:0001:4600% 300
William BorgenD0000020020:020:0001:3600% 001

Sharks

5 vs 5 Forward
Line #Left WingCenterRight WingPHYDFOFWanted %Time %Time Play
1Mats ZuccarelloDylan LarkinBoone Jenner0232928%14:53
2Jonathan HuberdeauSidney CrosbyRobert Thomas0232929%15:27
3Lukas ReichelMason McTavishKasperi Kapanen0232929%15:47
4Brandon TanevJoseph VelenoTravis Boyd0231314%7:39
5 vs 5 Defense
Line #DefenseDefensePHYDFOFWanted %Time %Time Play
1Alex PietrangeloJustin Braun0233536%19:23
2Shea TheodoreK'Andre Miller0323536%19:13
3Calvin De HaanBrett Kulak0322425%13:13
4Justin BraunShea Theodore04164%1:57
Power Play Forward
Line #Left WingCenterRight WingPHYDFOFWanted %Time %Time Play
1Jonathan HuberdeauSidney CrosbyRobert Thomas0145553%2:07
2Mats ZuccarelloDylan LarkinBoone Jenner0144547%1:51
Power Play Defense
Line #DefenseDefensePHYDFOFWanted %Time %Time Play
1Alex PietrangeloJustin Braun0235558%2:19
2Shea TheodoreK'Andre Miller0234542%1:39
Penalty Kill 4 Players Forward
Line #CenterWingPHYDFOFWanted %Time %Time Play
1Boone JennerBrandon Tanev0415574%1:40
2Robert ThomasDylan Larkin0414526%0:36
Penalty Kill 4 Players Defense
Line #DefenseDefensePHYDFOFWanted %Time %Time Play
1Alex PietrangeloBrett Kulak0505558%1:19
2Brett KulakK'Andre Miller0504542%0:57
Penalty Kill 3 Players
Line #WingPHYDFOFWanted %Time %Time PlayDefenseDefensePHYDFOFWanted %Time %Time Play
1Boone Jenner050550%0:00 Alex PietrangeloBrett Kulak050550%0:00
2Robert Thomas050450%0:00 Justin BraunK'Andre Miller050450%0:00
4 vs 4 Forward
Line #CenterWingPHYDFOFWanted %Time %Time Play
1Sidney CrosbyJonathan Huberdeau032550%0:00
2Dylan LarkinMats Zuccarello032450%0:00
4 vs 4 Defense
Line #DefensePHYDFOFWanted %Time %Time Play
1Alex PietrangeloShea Theodore032550%0:00
2Brett KulakK'Andre Miller032450%0:00
Last Minutes Offensive
Left WingCenterRight WingDefenseDefense
Jonathan HuberdeauSidney CrosbyBoone JennerAlex PietrangeloShea Theodore
Last Minutes Defensive
Left WingCenterRight WingDefenseDefense
Boone JennerDylan LarkinRobert ThomasBrett KulakAlex Pietrangelo
Time
Total ForwardTotal DefenseLast Minutes OffensiveLast Minutes Defensive
60:00 60:00 0:000:00
Extra Forwards
Normal PowerPlayPenalty Kill
Dylan Larkin, Boone Jenner, Jonathan HuberdeauBoone Jenner, Dylan LarkinJonathan Huberdeau
Extra Defensemen
Normal PowerPlayPenalty Kill
K'Andre Miller, Shea Theodore, Justin BraunK'Andre Miller, Justin BraunK'Andre Miller
Penalty Shots
Mats Zuccarello, Boone Jenner, Dylan Larkin, Sidney Crosby, Jonathan Huberdeau
Goalie
Darcy Kuemper, Ukko-Pekka Luukkonen
Custom OT Lines Forwards
Jonathan Huberdeau, Sidney Crosby, Dylan Larkin, Boone Jenner, Mats Zuccarello, Robert Thomas, Travis Boyd, Mason McTavish, Brandon Tanev, Kasperi Kapanen
Custom OT Lines Defensemen
Alex Pietrangelo, Shea Theodore, Justin Braun, K'Andre Miller, Brett Kulak
Scratches
Mark Borowiecki (Healthy), Oliver Wahlstrom (Healthy)

Islanders

5 vs 5 Forward
Line #Left WingCenterRight WingPHYDFOFWanted %Time %Time Play
1Johnny GaudreauBrock NelsonNick Schmaltz1223230%15:55
2Jason ZuckerJean-Gabriel PageauJoe Pavelski1223230%16:12
3Frank VatranoJordan StaalRickard Rakell1223027%14:45
4Jason DickinsonTomas NosekJesper Fast131613%6:54
5 vs 5 Defense
Line #DefenseDefensePHYDFOFWanted %Time %Time Play
1Ian ColeBrent Burns1223533%17:56
2Mark GiordanoKevin Shattenkirk1223332%17:00
3Brady SkjeiWilliam Borgen1223232%17:20
4Brady SkjeiBrent Burns12203%1:30
Power Play Forward
Line #Left WingCenterRight WingPHYDFOFWanted %Time %Time Play
1Frank VatranoJoe PavelskiRickard Rakell0055049%1:06
2Johnny GaudreauBrock NelsonNick Schmaltz0055051%1:10
Power Play Defense
Line #DefenseDefensePHYDFOFWanted %Time %Time Play
1Brady SkjeiBrent Burns0147061%1:23
2Mark GiordanoKevin Shattenkirk0143039%0:53
Penalty Kill 4 Players Forward
Line #CenterWingPHYDFOFWanted %Time %Time Play
1Tomas NosekJason Dickinson1405047%1:52
2Jordan StaalJean-Gabriel Pageau1405053%2:06
Penalty Kill 4 Players Defense
Line #DefenseDefensePHYDFOFWanted %Time %Time Play
1Ian ColeWilliam Borgen1405040%1:36
2Mark GiordanoKevin Shattenkirk1405060%2:22
Penalty Kill 3 Players
Line #WingPHYDFOFWanted %Time %Time PlayDefenseDefensePHYDFOFWanted %Time %Time Play
1Jordan Staal140500%0:00 Ian ColeWilliam Borgen140500%0:00
2Jean-Gabriel Pageau140500%0:00 Mark GiordanoKevin Shattenkirk140500%0:00
4 vs 4 Forward
Line #CenterWingPHYDFOFWanted %Time %Time Play
1Brock NelsonJoe Pavelski122500%0:00
2Jean-Gabriel PageauJohnny Gaudreau122500%0:00
4 vs 4 Defense
Line #DefensePHYDFOFWanted %Time %Time Play
1Ian ColeBrent Burns122500%0:00
2Mark GiordanoKevin Shattenkirk122500%0:00
Last Minutes Offensive
Left WingCenterRight WingDefenseDefense
Frank VatranoJoe PavelskiRickard RakellBrady SkjeiBrent Burns
Last Minutes Defensive
Left WingCenterRight WingDefenseDefense
Jason DickinsonJordan StaalJean-Gabriel PageauIan ColeWilliam Borgen
Time
Total ForwardTotal DefenseLast Minutes OffensiveLast Minutes Defensive
60:00 60:00 0:000:00
Extra Forwards
Normal PowerPlayPenalty Kill
Brock Nelson, Joe Pavelski, Rickard RakellFrank Vatrano, Jean-Gabriel PageauJesper Fast
Extra Defensemen
Normal PowerPlayPenalty Kill
Brent Burns, Kevin Shattenkirk, Brady SkjeiIan Cole, Brady SkjeiBrent Burns
Penalty Shots
Mark Giordano, Joe Pavelski, Rickard Rakell, Kevin Shattenkirk, Jesper Fast
Goalie
Linus Ullmark, Scott Wedgewood
Custom OT Lines Forwards
Brock Nelson, Johnny Gaudreau, Joe Pavelski, Nick Schmaltz, Jean-Gabriel Pageau, Jason Zucker, Jordan Staal, Rickard Rakell, Jason Dickinson, Frank Vatrano
Custom OT Lines Defensemen
Brent Burns, Brady Skjei, Mark Giordano, Kevin Shattenkirk, Ian Cole
Scratches
Morgan Barron (Healthy), Colin Miller (Healthy)


Play-by-Play

1st period


0:01 of 1st period - Dylan Larkin wins face-off versus Brock Nelson in neutral zone.
0:30 of 1st period - Slapshot by Robert Thomas.
0:30 of 1st period - Shot Misses the Net.
0:32 of 1st period - Snap shot by Sidney Crosby.
0:32 of 1st period - Shot Misses the Net.
0:34 of 1st period - Wrist shot by Sidney Crosby.
0:34 of 1st period - Stopped by Linus Ullmark without a rebound.
0:35 of 1st period - Mason McTavish wins face-off versus Jordan Staal in Islanders zone.
0:42 of 1st period - Snap shot by Lukas Reichel.
0:42 of 1st period - Stopped by Linus Ullmark without a rebound.
0:43 of 1st period - Jordan Staal wins face-off versus Mason McTavish in Islanders zone.
2:05 of 1st period - Slapshot by Jordan Staal.
2:05 of 1st period - Shot Misses the Net.
2:13 of 1st period - Jordan Staal is hit by Kasperi Kapanen and loses puck.
2:22 of 1st period - Wrist shot by Lukas Reichel.
2:22 of 1st period - Shot Misses the Net.
2:24 of 1st period - Slapshot by K'Andre Miller.
2:24 of 1st period - Shot Blocked by Kevin Shattenkirk.
2:26 of 1st period - Slapshot by Shea Theodore.
2:26 of 1st period - Stopped by Linus Ullmark without a rebound.
2:27 of 1st period - Joe Pavelski wins face-off versus Sidney Crosby in Islanders zone.
2:32 of 1st period - Snap shot by Jason Zucker.
2:32 of 1st period - Stopped by Darcy Kuemper without a rebound.
2:33 of 1st period - Jean-Gabriel Pageau wins face-off versus Sidney Crosby in Sharks zone.
3:08 of 1st period - Slapshot by Mats Zuccarello.
3:08 of 1st period - Shot Misses the Net.
3:26 of 1st period - Snap shot by Brandon Tanev.
3:26 of 1st period - Stopped by Linus Ullmark with a rebound.
4:07 of 1st period - Jean-Gabriel Pageau is hit by Joseph Veleno and loses puck.
4:43 of 1st period - Kevin Shattenkirk is hit by Travis Boyd and loses puck.
5:12 of 1st period - Robert Thomas is hit by Jordan Staal and loses puck.
5:27 of 1st period - Jean-Gabriel Pageau is hit by Calvin De Haan and loses puck.
5:51 of 1st period - Snap shot by Brent Burns.
5:51 of 1st period - Stopped by Darcy Kuemper with a rebound.
5:53 of 1st period - Wrist shot by Jason Dickinson.
5:53 of 1st period - Stopped by Darcy Kuemper with a rebound.
6:16 of 1st period - Snap shot by Lukas Reichel.
6:16 of 1st period - Stopped by Linus Ullmark without a rebound.
6:17 of 1st period - Mason McTavish wins face-off versus Jordan Staal in Islanders zone.
6:18 of 1st period - Snap shot by Lukas Reichel.
6:18 of 1st period - Stopped by Linus Ullmark without a rebound.
6:19 of 1st period - Rickard Rakell wins face-off versus Mason McTavish in Islanders zone.
7:19 of 1st period - Backhand shot by Mats Zuccarello.
7:19 of 1st period - Stopped by Linus Ullmark with a rebound.
7:55 of 1st period - Icing by Justin Braun.
7:56 of 1st period - Jean-Gabriel Pageau wins face-off versus Joseph Veleno in Sharks zone.
7:57 of 1st period - Snap shot by Joe Pavelski.
7:57 of 1st period - Stopped by Darcy Kuemper with a rebound.
7:59 of 1st period - Wrist shot by Ian Cole.
7:59 of 1st period - Shot Misses the Net.
8:29 of 1st period - Snap shot by Robert Thomas.
8:29 of 1st period - Shot Misses the Net.
8:31 of 1st period - Slapshot by Jonathan Huberdeau.
8:31 of 1st period - Deflect By Sidney Crosby.
8:31 of 1st period - Stopped by Linus Ullmark without a rebound.
8:32 of 1st period - Boone Jenner wins face-off versus Jean-Gabriel Pageau in Islanders zone.
8:55 of 1st period - Icing by Mark Giordano.
8:56 of 1st period - Sidney Crosby wins face-off versus Brock Nelson in Islanders zone.
9:05 of 1st period - Snap shot by Robert Thomas.
9:05 of 1st period - Shot Misses the Net.
9:07 of 1st period - Wrist shot by Shea Theodore.
9:07 of 1st period - Shot Blocked by Johnny Gaudreau.
9:09 of 1st period - Snap shot by Shea Theodore.
9:09 of 1st period - Shot Misses the Net.
9:11 of 1st period - Snap shot by Sidney Crosby.
9:11 of 1st period - Stopped by Linus Ullmark without a rebound.
9:12 of 1st period - Joe Pavelski wins face-off versus Dylan Larkin in Islanders zone.
9:50 of 1st period - Snap shot by Mats Zuccarello.
9:50 of 1st period - Shot Misses the Net.
9:54 of 1st period - Slapshot by Boone Jenner.
9:54 of 1st period - Stopped by Linus Ullmark without a rebound.
9:55 of 1st period - Sidney Crosby wins face-off versus Jean-Gabriel Pageau in Islanders zone.
9:58 of 1st period - Snap shot by Sidney Crosby.
9:58 of 1st period - Stopped by Linus Ullmark without a rebound.
9:59 of 1st period - Jean-Gabriel Pageau wins face-off versus Sidney Crosby in Islanders zone.
10:56 of 1st period - Snap shot by Brock Nelson.
10:56 of 1st period - Deflect By Johnny Gaudreau.
10:56 of 1st period - Shot Misses the Net.
10:56 of 1st period - Puck is out of play.
10:57 of 1st period - Sidney Crosby wins face-off versus Jordan Staal in Sharks zone.
11:24 of 1st period - Dylan Larkin is hit by Brock Nelson.
11:52 of 1st period - Wrist shot by Mason McTavish.
11:52 of 1st period - Shot Blocked by Mark Giordano.
12:04 of 1st period - Minor Penalty to Kevin Shattenkirk for Tripping.
12:05 of 1st period - Sidney Crosby wins face-off versus Tomas Nosek in Islanders zone.
12:20 of 1st period - Slapshot by Robert Thomas.
12:20 of 1st period - Shot Misses the Net.
12:32 of 1st period - Dylan Larkin is hit by Jason Dickinson and loses puck.
14:04 of 1st period - Penalty to Kevin Shattenkirk is over, Kevin Shattenkirk is back on ice.
15:02 of 1st period - Brent Burns is hit by Brett Kulak and loses puck.
15:13 of 1st period - Boone Jenner is hit by Brock Nelson and loses puck.
16:18 of 1st period - Snap shot by Jordan Staal.
16:18 of 1st period - Shot Misses the Net.
16:44 of 1st period - Slapshot by Joe Pavelski.
16:44 of 1st period - Stopped by Darcy Kuemper without a rebound.
16:45 of 1st period - Sidney Crosby wins face-off versus Jason Zucker in Sharks zone.
16:58 of 1st period - Wrist shot by Joe Pavelski.
16:58 of 1st period - Stopped by Darcy Kuemper with a rebound.
17:26 of 1st period - Brent Burns is hit by Mason McTavish and loses puck.
17:33 of 1st period - Snap shot by Kasperi Kapanen.
17:33 of 1st period - Deflect By Lukas Reichel.
17:33 of 1st period - Shot Misses the Net.
17:33 of 1st period - Puck is out of play.
17:34 of 1st period - Sidney Crosby wins face-off versus Jean-Gabriel Pageau in Islanders zone.
17:47 of 1st period - Snap shot by Jean-Gabriel Pageau.
17:47 of 1st period - Shot Misses the Net.
17:49 of 1st period - Snap shot by Mark Giordano.
17:49 of 1st period - Stopped by Darcy Kuemper with a rebound.
17:59 of 1st period - Dylan Larkin is hit by Mark Giordano and loses puck.
18:17 of 1st period - Icing by Johnny Gaudreau.
18:18 of 1st period - Mason McTavish wins face-off versus Jordan Staal in Islanders zone.
18:43 of 1st period - K'Andre Miller is hit by Ian Cole and loses puck.
19:15 of 1st period - Icing by Justin Braun.
19:16 of 1st period - Dylan Larkin wins face-off versus Jordan Staal in Sharks zone.
19:25 of 1st period - Wrist shot by Dylan Larkin.
19:25 of 1st period - Stopped by Linus Ullmark without a rebound.
19:26 of 1st period - Sidney Crosby wins face-off versus Jordan Staal in Islanders zone.
19:33 of 1st period - Snap shot by Rickard Rakell.
19:33 of 1st period - Stopped by Darcy Kuemper with a rebound.
19:35 of 1st period - Slapshot by Mark Giordano.
19:35 of 1st period - Deflect By Rickard Rakell.
19:35 of 1st period - Stopped by Darcy Kuemper without a rebound.
19:36 of 1st period - Brock Nelson wins face-off versus Sidney Crosby in Sharks zone.
Goals for this period are 0 for Sharks vs 0 for Islanders.
Shots for this period are 12 for Sharks vs 9 for Islanders.

2nd period


0:01 of 2nd period - Jordan Staal wins face-off versus Mason McTavish in neutral zone.
0:10 of 2nd period - Brady Skjei is hit by Kasperi Kapanen and loses puck.
0:19 of 2nd period - Mason McTavish is hit by William Borgen and loses puck.
0:52 of 2nd period - Slapshot by Johnny Gaudreau.
0:52 of 2nd period - Shot Blocked by Robert Thomas.
1:34 of 2nd period - Backhand shot by Mats Zuccarello.
1:34 of 2nd period - Deflect By Boone Jenner.
1:34 of 2nd period - Shot Blocked by Brent Burns.
1:34 of 2nd period - Puck is out of play.
1:35 of 2nd period - Jean-Gabriel Pageau wins face-off versus Dylan Larkin in Islanders zone.
1:42 of 2nd period - Snap shot by Jean-Gabriel Pageau.
1:42 of 2nd period - Stopped by Darcy Kuemper without a rebound.
1:43 of 2nd period - Mason McTavish wins face-off versus Jean-Gabriel Pageau in Sharks zone.
1:43 of 2nd period - Mason McTavish is hit by Jason Zucker.
2:03 of 2nd period - Slapshot by Jean-Gabriel Pageau.
2:03 of 2nd period - Deflect By Robert Thomas.
2:03 of 2nd period - Shot Misses the Net.
2:03 of 2nd period - Puck is out of play.
2:04 of 2nd period - Sidney Crosby wins face-off versus Brock Nelson in Sharks zone.
2:21 of 2nd period - Slapshot by Sidney Crosby.
2:21 of 2nd period - Stopped by Linus Ullmark with a rebound.
2:31 of 2nd period - Mats Zuccarello is hit by Mark Giordano and loses puck.
2:40 of 2nd period - Snap shot by Boone Jenner.
2:40 of 2nd period - Stopped by Linus Ullmark with a rebound.
2:42 of 2nd period - Snap shot by Boone Jenner.
2:42 of 2nd period - Stopped by Linus Ullmark without a rebound.
2:43 of 2nd period - Mason McTavish wins face-off versus Jean-Gabriel Pageau in Islanders zone.
3:08 of 2nd period - Joe Pavelski is hit by K'Andre Miller.
3:34 of 2nd period - Alex Pietrangelo is hit by Rickard Rakell and loses puck.
3:39 of 2nd period - Snap shot by Rickard Rakell.
3:39 of 2nd period - Stopped by Darcy Kuemper with a rebound.
3:41 of 2nd period - Snap shot by Frank Vatrano.
3:41 of 2nd period - Shot Blocked by Alex Pietrangelo.
3:43 of 2nd period - Snap shot by Ian Cole.
3:43 of 2nd period - Stopped by Darcy Kuemper with a rebound.
3:52 of 2nd period - Off-side.
3:53 of 2nd period - Mason McTavish wins face-off versus Tomas Nosek in neutral zone.
4:53 of 2nd period - Snap shot by Sidney Crosby.
4:53 of 2nd period - Shot Misses the Net.
4:55 of 2nd period - Slapshot by Jonathan Huberdeau.
4:55 of 2nd period - Stopped by Linus Ullmark without a rebound.
4:56 of 2nd period - Brock Nelson wins face-off versus Mason McTavish in Islanders zone.
4:56 of 2nd period - Brock Nelson is hit by Mason McTavish.
5:10 of 2nd period - Snap shot by Johnny Gaudreau.
5:10 of 2nd period - Shot Misses the Net.
5:13 of 2nd period - Icing by Kasperi Kapanen.
5:14 of 2nd period - Jordan Staal wins face-off versus Kasperi Kapanen in Sharks zone.
5:22 of 2nd period - Off-side.
5:23 of 2nd period - Sidney Crosby wins face-off versus Jordan Staal in neutral zone.
5:50 of 2nd period - Frank Vatrano is hit by Kasperi Kapanen and loses puck.
5:57 of 2nd period - Mason McTavish is hit by Jordan Staal.
6:30 of 2nd period - Icing by Rickard Rakell.
6:31 of 2nd period - Joseph Veleno wins face-off versus Brock Nelson in Islanders zone.
6:32 of 2nd period - Slapshot by Shea Theodore.
6:32 of 2nd period - Deflect By Brock Nelson.
6:32 of 2nd period - Stopped by Linus Ullmark without a rebound.
6:33 of 2nd period - Joseph Veleno wins face-off versus Brock Nelson in Islanders zone.
6:49 of 2nd period - Minor Penalty to K'Andre Miller for Slashing.
6:50 of 2nd period - Brock Nelson wins face-off versus Boone Jenner in Sharks zone.
6:50 of 2nd period - Wrist shot by Johnny Gaudreau.
6:50 of 2nd period - Shot Misses the Net.
6:52 of 2nd period - Snap shot by Nick Schmaltz.
6:52 of 2nd period - Shot Misses the Net.
6:54 of 2nd period - Wrist shot by Nick Schmaltz.
6:54 of 2nd period - Stopped by Darcy Kuemper with a rebound.
6:56 of 2nd period - Slapshot by Johnny Gaudreau.
6:56 of 2nd period - Stopped by Darcy Kuemper with a rebound.
6:58 of 2nd period - Wrist shot by Johnny Gaudreau.
6:58 of 2nd period - Shot Misses the Net.
7:00 of 2nd period - Wrist shot by Brady Skjei.
7:00 of 2nd period - Shot Misses the Net.
7:02 of 2nd period - Slapshot by Brent Burns.
7:02 of 2nd period - Shot Misses the Net.
7:04 of 2nd period - Wrist shot by Brock Nelson.
7:04 of 2nd period - Goal by Brock Nelson - Sharks : 0 - Islanders : 1.
7:05 of 2nd period - Sidney Crosby wins face-off versus Jean-Gabriel Pageau in neutral zone.
7:20 of 2nd period - Wrist shot by Robert Thomas.
7:20 of 2nd period - Stopped by Linus Ullmark with a rebound.
7:22 of 2nd period - Snap shot by Shea Theodore.
7:22 of 2nd period - Stopped by Linus Ullmark with a rebound.
7:39 of 2nd period - Wrist shot by Nick Schmaltz.
7:39 of 2nd period - Stopped by Darcy Kuemper with a rebound.
7:41 of 2nd period - Slapshot by William Borgen.
7:41 of 2nd period - Shot Blocked by Justin Braun.
7:43 of 2nd period - Slapshot by Brady Skjei.
7:43 of 2nd period - Stopped by Darcy Kuemper without a rebound.
7:44 of 2nd period - Mason McTavish wins face-off versus Rickard Rakell in Sharks zone.
8:20 of 2nd period - Snap shot by Robert Thomas.
8:20 of 2nd period - Shot Misses the Net.
8:34 of 2nd period - Slapshot by Jean-Gabriel Pageau.
8:34 of 2nd period - Deflect By Joe Pavelski.
8:34 of 2nd period - Shot Misses the Net.
8:34 of 2nd period - Puck is out of play.
8:35 of 2nd period - Jean-Gabriel Pageau wins face-off versus Mason McTavish in Sharks zone.
8:47 of 2nd period - Minor Penalty to Mason McTavish for Cross-checking.
8:48 of 2nd period - Brandon Tanev wins face-off versus Joe Pavelski in Sharks zone.
10:19 of 2nd period - Jonathan Huberdeau is hit by Rickard Rakell and loses puck.
10:47 of 2nd period - Penalty to Mason McTavish is over, Mason McTavish is back on ice.
11:07 of 2nd period - Mason McTavish is hit by Jesper Fast and loses puck.
11:18 of 2nd period - Jean-Gabriel Pageau is hit by Justin Braun and loses puck.
12:30 of 2nd period - Snap shot by Mats Zuccarello.
12:30 of 2nd period - Deflect By Boone Jenner.
12:30 of 2nd period - Shot Blocked by Jean-Gabriel Pageau.
12:30 of 2nd period - Puck is out of play.
12:31 of 2nd period - Brock Nelson wins face-off versus Dylan Larkin in Islanders zone.
12:54 of 2nd period - Snap shot by Mats Zuccarello.
12:54 of 2nd period - Shot Blocked by Mark Giordano.
12:56 of 2nd period - Slapshot by Calvin De Haan.
12:56 of 2nd period - Shot Misses the Net.
12:58 of 2nd period - Wrist shot by Dylan Larkin.
12:58 of 2nd period - Shot Blocked by Mark Giordano.
13:14 of 2nd period - Slapshot by Dylan Larkin.
13:14 of 2nd period - Shot Misses the Net.
13:22 of 2nd period - Wrist shot by Dylan Larkin.
13:22 of 2nd period - Shot Misses the Net.
13:24 of 2nd period - Slapshot by Alex Pietrangelo.
13:24 of 2nd period - Shot Misses the Net.
13:26 of 2nd period - Slapshot by Justin Braun.
13:26 of 2nd period - Stopped by Linus Ullmark with a rebound.
13:28 of 2nd period - Snap shot by Dylan Larkin.
13:28 of 2nd period - Shot Misses the Net.
13:34 of 2nd period - Wrist shot by Mats Zuccarello.
13:34 of 2nd period - Shot Misses the Net.
13:47 of 2nd period - Snap shot by Dylan Larkin.
13:47 of 2nd period - Shot Blocked by Jordan Staal.
13:49 of 2nd period - Slapshot by K'Andre Miller.
13:49 of 2nd period - Deflect By Dylan Larkin.
13:49 of 2nd period - Shot Blocked by Frank Vatrano.
13:49 of 2nd period - Puck is out of play.
13:50 of 2nd period - Sidney Crosby wins face-off versus Brock Nelson in Islanders zone.
13:53 of 2nd period - Slapshot by Jonathan Huberdeau.
13:53 of 2nd period - Stopped by Linus Ullmark with a rebound.
14:07 of 2nd period - Snap shot by Jonathan Huberdeau.
14:07 of 2nd period - Goal by Jonathan Huberdeau - Sharks : 1 - Islanders : 1.
14:08 of 2nd period - Jean-Gabriel Pageau wins face-off versus Mason McTavish in neutral zone.
15:01 of 2nd period - Off-side.
15:02 of 2nd period - Jean-Gabriel Pageau wins face-off versus Mason McTavish in neutral zone.
15:09 of 2nd period - Snap shot by Joe Pavelski.
15:09 of 2nd period - Shot Misses the Net.
15:47 of 2nd period - Slapshot by Jean-Gabriel Pageau.
15:47 of 2nd period - Stopped by Darcy Kuemper with a rebound.
16:07 of 2nd period - Brett Kulak is hit by Joe Pavelski and loses puck.
16:38 of 2nd period - Snap shot by Joe Pavelski.
16:38 of 2nd period - Stopped by Darcy Kuemper with a rebound.
16:48 of 2nd period - Snap shot by Dylan Larkin.
16:48 of 2nd period - Stopped by Linus Ullmark without a rebound.
16:49 of 2nd period - Sidney Crosby wins face-off versus Brock Nelson in Islanders zone.
17:41 of 2nd period - Slapshot by Brandon Tanev.
17:41 of 2nd period - Stopped by Linus Ullmark with a rebound.
17:43 of 2nd period - Slapshot by Justin Braun.
17:43 of 2nd period - Stopped by Linus Ullmark without a rebound.
17:44 of 2nd period - Sidney Crosby wins face-off versus Brock Nelson in Islanders zone.
17:55 of 2nd period - Wrist shot by Sidney Crosby.
17:55 of 2nd period - Stopped by Linus Ullmark without a rebound.
17:56 of 2nd period - Brock Nelson wins face-off versus Mason McTavish in Islanders zone.
18:01 of 2nd period - Snap shot by Brock Nelson.
18:01 of 2nd period - Goal by Brock Nelson - Sharks : 1 - Islanders : 2.
18:02 of 2nd period - Mason McTavish wins face-off versus Brock Nelson in neutral zone.
18:29 of 2nd period - K'Andre Miller is hit by Frank Vatrano and loses puck.
18:35 of 2nd period - Off-side.
18:36 of 2nd period - Jason Zucker wins face-off versus Sidney Crosby in neutral zone.
Goals for this period are 1 for Sharks vs 2 for Islanders.
Shots for this period are 14 for Sharks vs 11 for Islanders.

3rd period


0:01 of 3rd period - Sidney Crosby wins face-off versus Brock Nelson in neutral zone.
0:11 of 3rd period - Slapshot by Sidney Crosby.
0:11 of 3rd period - Deflect By Jonathan Huberdeau.
0:11 of 3rd period - Stopped by Linus Ullmark without a rebound.
0:12 of 3rd period - Mason McTavish wins face-off versus Brock Nelson in Islanders zone.
0:25 of 3rd period - Slapshot by Mason McTavish.
0:25 of 3rd period - Stopped by Linus Ullmark with a rebound.
1:25 of 3rd period - Slapshot by Jason Dickinson.
1:25 of 3rd period - Stopped by Darcy Kuemper without a rebound.
1:26 of 3rd period - Kasperi Kapanen wins face-off versus Tomas Nosek in Sharks zone.
1:31 of 3rd period - Wrist shot by Mason McTavish.
1:31 of 3rd period - Stopped by Linus Ullmark with a rebound.
1:33 of 3rd period - Slapshot by Brett Kulak.
1:33 of 3rd period - Stopped by Linus Ullmark without a rebound.
1:34 of 3rd period - Brock Nelson wins face-off versus Mason McTavish in Islanders zone.
2:47 of 3rd period - Wrist shot by Joseph Veleno.
2:47 of 3rd period - Shot Blocked by Brent Burns.
3:07 of 3rd period - Snap shot by Lukas Reichel.
3:07 of 3rd period - Shot Blocked by Brent Burns.
3:09 of 3rd period - Wrist shot by Mason McTavish.
3:09 of 3rd period - Stopped by Linus Ullmark with a rebound.
3:11 of 3rd period - Slapshot by Kasperi Kapanen.
3:11 of 3rd period - Deflect By Mason McTavish.
3:11 of 3rd period - Shot Misses the Net.
3:11 of 3rd period - Puck is out of play.
3:12 of 3rd period - Sidney Crosby wins face-off versus Jean-Gabriel Pageau in Islanders zone.
3:50 of 3rd period - Wrist shot by Johnny Gaudreau.
3:50 of 3rd period - Shot Blocked by Calvin De Haan.
3:52 of 3rd period - Slapshot by Brady Skjei.
3:52 of 3rd period - Shot Misses the Net.
4:02 of 3rd period - Ian Cole is hit by Calvin De Haan.
4:18 of 3rd period - Minor Penalty to Boone Jenner for Kneeing.
4:19 of 3rd period - Joe Pavelski wins face-off versus Jonathan Huberdeau in Sharks zone.
4:20 of 3rd period - Backhand shot by Rickard Rakell.
4:20 of 3rd period - Goal by Rickard Rakell - Sharks : 1 - Islanders : 3.
4:21 of 3rd period - Brock Nelson wins face-off versus Sidney Crosby in neutral zone.
5:14 of 3rd period - Snap shot by Johnny Gaudreau.
5:14 of 3rd period - Shot Misses the Net.
5:16 of 3rd period - Slapshot by Brent Burns.
5:16 of 3rd period - Shot Blocked by K'Andre Miller.
5:18 of 3rd period - Snap shot by Johnny Gaudreau.
5:18 of 3rd period - Stopped by Darcy Kuemper without a rebound.
5:19 of 3rd period - Jean-Gabriel Pageau wins face-off versus Lukas Reichel in Sharks zone.
5:26 of 3rd period - Snap shot by Joe Pavelski.
5:26 of 3rd period - Stopped by Darcy Kuemper without a rebound.
5:27 of 3rd period - Jean-Gabriel Pageau wins face-off versus Lukas Reichel in Sharks zone.
5:36 of 3rd period - Snap shot by Joe Pavelski.
5:36 of 3rd period - Stopped by Darcy Kuemper with a rebound.
5:38 of 3rd period - Wrist shot by Jason Zucker.
5:38 of 3rd period - Stopped by Darcy Kuemper without a rebound.
5:39 of 3rd period - Jordan Staal wins face-off versus Sidney Crosby in Sharks zone.
6:14 of 3rd period - Slapshot by Joe Pavelski.
6:14 of 3rd period - Stopped by Darcy Kuemper without a rebound.
6:15 of 3rd period - Mason McTavish wins face-off versus Jean-Gabriel Pageau in Sharks zone.
6:47 of 3rd period - Snap shot by Joe Pavelski.
6:47 of 3rd period - Stopped by Darcy Kuemper without a rebound.
6:48 of 3rd period - Jordan Staal wins face-off versus Jonathan Huberdeau in Sharks zone.
7:05 of 3rd period - Wrist shot by Sidney Crosby.
7:05 of 3rd period - Shot Misses the Net.
7:11 of 3rd period - Brady Skjei is hit by Robert Thomas and loses puck.
7:23 of 3rd period - Icing by Alex Pietrangelo.
7:24 of 3rd period - Brock Nelson wins face-off versus Sidney Crosby in Sharks zone.
7:43 of 3rd period - Wrist shot by Robert Thomas.
7:43 of 3rd period - Stopped by Linus Ullmark without a rebound.
7:44 of 3rd period - Dylan Larkin wins face-off versus Jean-Gabriel Pageau in Islanders zone.
8:07 of 3rd period - Minor Penalty to Kevin Shattenkirk for Tripping.
8:08 of 3rd period - Sidney Crosby wins face-off versus Jean-Gabriel Pageau in Islanders zone.
8:11 of 3rd period - Snap shot by Robert Thomas.
8:11 of 3rd period - Stopped by Linus Ullmark without a rebound.
8:12 of 3rd period - Jordan Staal wins face-off versus Sidney Crosby in Islanders zone.
8:15 of 3rd period - Slapshot by Robert Thomas.
8:15 of 3rd period - Stopped by Linus Ullmark with a rebound.
9:35 of 3rd period - Jason Dickinson is hit by Boone Jenner and loses puck.
9:58 of 3rd period - William Borgen is hit by Sidney Crosby.
10:07 of 3rd period - Penalty to Kevin Shattenkirk is over, Kevin Shattenkirk is back on ice.
10:08 of 3rd period - William Borgen is hit by Boone Jenner and loses puck.
10:19 of 3rd period - Snap shot by Jean-Gabriel Pageau.
10:19 of 3rd period - Stopped by Darcy Kuemper with a rebound.
11:24 of 3rd period - Ian Cole is hit by Kasperi Kapanen.
12:52 of 3rd period - Joe Pavelski is hit by Joseph Veleno and loses puck.
13:24 of 3rd period - Jason Dickinson is hit by Dylan Larkin.
13:48 of 3rd period - K'Andre Miller is hit by Kevin Shattenkirk and loses puck.
14:31 of 3rd period - William Borgen is hit by Boone Jenner and loses puck.
15:01 of 3rd period - Off-side.
15:02 of 3rd period - Sidney Crosby wins face-off versus Jordan Staal in neutral zone.
15:05 of 3rd period - Jordan Staal is hit by Alex Pietrangelo and loses puck.
15:14 of 3rd period - Robert Thomas is hit by William Borgen and loses puck.
15:34 of 3rd period - Jonathan Huberdeau is hit by Brock Nelson and loses puck.
15:45 of 3rd period - Brady Skjei is hit by Kasperi Kapanen and loses puck.
15:52 of 3rd period - Lukas Reichel is hit by Jason Zucker and loses puck.
16:39 of 3rd period - Snap shot by Frank Vatrano.
16:39 of 3rd period - Shot Misses the Net.
17:21 of 3rd period - Calvin De Haan is hit by Jason Dickinson and loses puck.
17:37 of 3rd period - Snap shot by Nick Schmaltz.
17:37 of 3rd period - Deflect By Brock Nelson.
17:37 of 3rd period - Shot Blocked by Calvin De Haan.
17:37 of 3rd period - Puck is out of play.
17:38 of 3rd period - Jordan Staal wins face-off versus Joseph Veleno in Sharks zone.
18:03 of 3rd period - Icing by Justin Braun.
18:04 of 3rd period - Mason McTavish wins face-off versus Brock Nelson in Sharks zone.
18:09 of 3rd period - Snap shot by Kasperi Kapanen.
18:09 of 3rd period - Stopped by Linus Ullmark with a rebound.
18:11 of 3rd period - Snap shot by Kasperi Kapanen.
18:11 of 3rd period - Stopped by Linus Ullmark with a rebound.
18:13 of 3rd period - Snap shot by Kasperi Kapanen.
18:13 of 3rd period - Stopped by Linus Ullmark without a rebound.
18:14 of 3rd period - Jordan Staal wins face-off versus Mason McTavish in Islanders zone.
18:21 of 3rd period - Wrist shot by Frank Vatrano.
18:21 of 3rd period - Shot Misses the Net.
18:23 of 3rd period - Snap shot by Rickard Rakell.
18:23 of 3rd period - Stopped by Darcy Kuemper with a rebound.
18:25 of 3rd period - Snap shot by Jordan Staal.
18:25 of 3rd period - Goal by Jordan Staal - Sharks : 1 - Islanders : 4.
18:26 of 3rd period - Jordan Staal wins face-off versus Dylan Larkin in neutral zone.
19:02 of 3rd period - Brady Skjei is hit by Robert Thomas and loses puck.
Goals for this period are 0 for Sharks vs 2 for Islanders.
Shots for this period are 11 for Sharks vs 11 for Islanders.